 Dungeon Crawl Stone Soup version 0.21-a0-426-g98080a9 (webtiles) character file.

66 mastercheaf21 the Cudgeler (level 3, -1/34 HPs)
             Began as a Minotaur Berserker on Nov 6, 2017.
             Was a Believer of Trog.
             Slain by mastercheaf21's ghost (14 damage)
             ... on level 3 of the Dungeon.
             The game lasted 00:11:25 (2086 turns).

mastercheaf21 the Cudgeler (Minotaur Berserker)     Turns: 2086, Time: 00:11:26

Health: -1/34      AC:  5    Str: 22    XL:     3   Next: 96%
Magic:  2/2        EV: 11    Int:  4    God:    Trog [**....]
Gold:   100        SH:  0    Dex:  9    Spells: 2/2 levels left

rFire    . . .     SeeInvis .   a - +0 mace
rCold    . . .     Gourm    .   (no shield)
rNeg     . . .     Faith    .   v - +0 ring mail
rPois    .         Spirit   .   (helmet restricted)
rElec    .         Reflect  .   (no cloak)
rCorr    +         Harm     .   (no gloves)
MR       .....                  (no boots)
Stlth    ..........             (no amulet)
HPRegen  0.11/turn              i - ring of resist corrosion
MPRegen  0.08/turn              r - +3 ring of slaying

@: no status effects
A: retaliatory headbutt, horns 2
a: Berserk, Trog's Hand, Burn Spellbooks, Renounce Religion


You were on level 3 of the Dungeon.
You worshipped Trog.
Trog was pleased with you.
You were not hungry.

You visited 1 branch of the dungeon, and saw 3 of its levels.

You collected 100 gold pieces.

Inventory:

Hand Weapons
 a - a +0 mace (weapon)
 b - a +0 hunting sling
 k - a +0 dagger of venom
 u - a +1 dagger of speed
Missiles
 f - 23 bolts
 m - 137 stones (quivered)
 w - 5 poisoned tomahawks
Armour
 g - a +2 robe of cold resistance
 v - a +0 ring mail (worn)
Jewellery
 i - a ring of resist corrosion (left hand)
 r - a +3 ring of slaying (right hand)
Scrolls
 d - 2 scrolls of enchant armour {unknown}
 h - 3 scrolls of identify {unknown}
 n - 4 scrolls of remove curse {unknown}
 y - a scroll of random uselessness {unknown}
Potions
 e - a potion of magic {unknown}
 j - a potion of degeneration {unknown}
 o - a potion of heal wounds {unknown}
 q - 2 potions of curing {unknown}
 s - a potion of might {unknown}
 t - a potion of invisibility {unknown}
 z - a potion of agility {unknown}
Comestibles
 c - 4 bread rations
 p - 2 royal jellies
 x - a meat ration
 A - a fruit


   Skills:
 + Level 4.5 Fighting
 * Level 5.1 Maces & Flails
 - Level 2.5 Armour
 - Level 2.2 Dodging
 + Level 0.1 Stealth


You had 2 spell levels left.
You didn't know any spells.

Dungeon Overview and Level Annotations

Branches:
Dungeon (3/15)

Altars:
Fedhas
Hepliaklqana
Ru
Trog
Xom

Annotations:
D:3 mastercheaf21's ghost, amateur MiBe


Innate Abilities, Weirdness & Mutations

You reflexively headbutt those who attack you in melee.
You have a pair of horns on your head.


Message History

Mastercheaf21's ghost barely misses you.
Mastercheaf21's ghost hits you!
You closely miss mastercheaf21's ghost.
The goblin unwields an uncursed hunting sling.
The goblin hits you. Mastercheaf21's ghost hits you.
You thump mastercheaf21's ghost!
Mastercheaf21's ghost is moderately damaged.
Mastercheaf21's ghost hits you. The goblin closely misses you.
You sock mastercheaf21's ghost!
Mastercheaf21's ghost is heavily damaged.
The goblin hits you but does no damage.
Mastercheaf21's ghost closely misses you.
You hit mastercheaf21's ghost.
Mastercheaf21's ghost is heavily damaged.
Mastercheaf21's ghost hits you but does no damage.
The goblin closely misses you.
You closely miss mastercheaf21's ghost.
Mastercheaf21's ghost is heavily damaged.
Mastercheaf21's ghost hits you!
You die...

......# ##.#....
.g..(W. ###.......
.......### #...#.....
.......W(#####.###.###.
..(...##(##....# #.#...
...). #.#..#### ....##
#### #.#.## ..###
####...##....#
#.@W..........
#......g.#....####
#....#######...## ####
#..## .... ..##. ### .#
#


You could see mastercheaf21's ghost and a goblin.

Vanquished Creatures
  An adder (D:3)
  An ooze (D:3)
  3 worms (D:2)
  A giant cockroach (D:2)
  7 goblins
  3 hobgoblins
  6 jackals
  A quokka (D:2)
  3 bats
  4 frilled lizards (D:1)
  7 kobolds
  5 rats (D:1)
  A fungus (D:2)
  2 plants (D:2)
45 creatures vanquished.

Notes
Turn   | Place    | Note
-------+----------+-------------------------------------------
     0 | D:1      | mastercheaf21 the Minotaur Berserker began the quest for the Orb.
     0 | D:1      | Reached XP level 1. HP: 19/19 MP: 0/0
   271 | D:1      | Reached skill level 4 in Maces & Flails
   301 | D:1      | Reached XP level 2. HP: 19/27 MP: 1/1
  1115 | D:2      | Found a faded altar of an unknown god.
  1159 | D:2      | Found a hazy altar of Hepliaklqana.
  1160 | D:2      | Found a shimmering altar of Xom.
  1162 | D:2      | Found a blossoming altar of Fedhas.
  1204 | D:2      | Found a bloodstained altar of Trog.
  1223 | D:2      | Reached XP level 3. HP: 33/33 MP: 2/2
  1311 | D:2      | Reached ** piety under Trog
  1722 | D:2      | Found a sacrificial altar of Ru.
  1974 | D:3      | Reached skill level 5 in Maces & Flails
  2068 | D:3      | Noticed mastercheaf21's ghost (amateur MiBe)
  2086 | D:3      | Slain by mastercheaf21's ghost

Vault maps used:
D:1:      dpeg_arrival_stonehenge_8_columns
D:2:      nicolae_overflow_quartered_altars,
          chequers_ecumenical_altar_simple_redux, first_bread,
          serial_bayou_pond_e, minmay_strange_pillars,
          nicolae_ru_the_path_less_chosen

Skill      XL: |  1  2  3 |
---------------+----------+-----
Maces & Flails | 4 5 |  5.1
Fighting       | 4 |  4.5
Armour         | |  2.5
Dodging        | |  2.2
Stealth        | |  0.1

Action                   || total
-------------------------++-------
Melee: Mace              ||   119
       Headbutt          ||    24
  Eat: Chunk             ||     4
Armor: Robe              ||    19
       Ring mail         ||     5
Dodge: Dodged            ||    59

Table legend:
 A = Spawn XP
 B = Non-spawn XP
 C = Spawn XP percentage of total XP
 D = Spawn monster count
 E = Non-spawn monster count
 F = Spawn count percentage of total count
 G = Total turns spent on level
                    A         B        C        D         E        F      G
               +---------+---------+-------+---------+---------+-------+---------
         Total |       0 |      95 |   0.0 |       0 |      42 |   0.0 |  2086
               +---------+---------+-------+---------+---------+-------+---------
           D:1 |       0 |      29 |   0.0 |       0 |      21 |   0.0 |  1111
           D:2 |       0 |      40 |   0.0 |       0 |      16 |   0.0 |   689
           D:3 |       0 |      26 |   0.0 |       0 |       5 |   0.0 |   286
               +---------+---------+-------+---------+---------+-------+---------
